 Dungeon Crawl Stone Soup version 0.28.0 (webtiles) character file.

Game seed: 13583286094036251176

240407 Hasart the Fencer (level 18, -18/172 HPs)
             Began as a Demigod Fighter on Feb 15, 2022.
             Demolished by a war gargoyle (33 damage)
             ... led by a peacekeeper
             ... on level 1 of the Vaults.
             The game lasted 02:53:32 (57323 turns).

Hasart the Fencer (Demigod Fighter)                Turns: 57323, Time: 02:53:33

Health: -18/172    AC: 17    Str: 29    XL:     18   Next: 35%
Magic:  32/32      EV: 14    Int: 25    God:
Gold:   68         SH: 27    Dex: 15    Spells: 17/30 levels left

rFire   + . .      SeeInvis +   E - +6 scimitar (flame)
rCold   + . .      Faith    .   c - +5 tower shield "Oliru" {rPois Regen+ Dex+2 Slay+2}
rNeg    + . .      Spirit   .   v - +0 swamp dragon scales
rPois   +          Reflect  +   u - +0 helmet
rElec   .          Harm     .   V - scarf {rC+ rF+}
rCorr   .          Rampage  .   X - +2 pair of gloves "Yzux Yst" {Int+3 SInv Stlth+}
Will    ++...                   r - +0 pair of boots
Stlth   ++........              F - amulet of reflection
HPRegen 1.18/turn               e - ring of willpower
MPRegen 0.23/turn               K - ring of positive energy

@: about to teleport, studying Fighting
A: high MP 1, forlorn, divine attributes, mutation resistance 1, robust 1
}: 1/15 runes: decaying
a: no special abilities


You were on level 1 of the Vaults.
You visited 8 branches of the dungeon, and saw 35 of its levels.
You visited 1 bazaar.
You also visited: Sewer and Ice Cave.

You collected 4304 gold pieces.
You spent 4236 gold pieces at shops.

Inventory:

Hand Weapons
 E - a +6 scimitar of flaming (weapon)
 P - the +7 captain's cutlass {speed, disarm}
   (You bought it in a shop on level 7 of the Dungeon)

   Attacks with this weapon are significantly faster.
   It may disarm weapon-wielding foes when striking them, dealing extra damage
   in the process.
 R - a +4 scimitar of protection
Missiles
 a - 12 javelins
 G - 15 poisoned darts
 J - 3 throwing nets
 T - 5 boomerangs (quivered)
Armour
 c - the +5 tower shield "Oliru" (worn) {rPois Regen+ Dex+2 Slay+2}
   (You acquired it on level 7 of the Dungeon)

   Dex:       It affects your dexterity (+2).
   Slay:      It affects your accuracy & damage with ranged weapons and melee
   (+2).
   rPois:     It protects you from poison.
   Regen:     It increases your rate of health regeneration.
 r - a +0 pair of boots (worn)
 u - a +0 helmet (worn)
 v - +0 swamp dragon scales (worn)
 V - a scarf of resistance (worn)
 X - the +2 pair of gloves "Yzux Yst" (worn) {Int+3 SInv Stlth+}
   (You bought it in a shop on level 15 of the Dungeon)

   Int:       It affects your intelligence (+3).
   SInv:      It lets you see invisible.
   Stlth:     It makes you more stealthy.
 Y - a +2 kite shield of cold resistance
Jewellery
 b - the ring "Omakkawk" {Wiz Str+7}
   (You acquired it on level 3 of the Dungeon)

   [ring of wizardry]

   It improves your spell success rate.
   Str:       It affects your strength (+7).
 e - a ring of willpower (left hand)
 k - a ring of wizardry
 l - the ring "Liwnip" {rC+ EV+4}
   (You bought it in a shop in a bazaar)

   [ring of evasion]

   EV:        It affects your evasion (+4).
   rC:        It protects you from cold.
 n - a ring of ice
 B - a ring of resist corrosion
 C - a ring of flight
 F - an amulet of reflection (around neck)
 K - a ring of positive energy (right hand)
 N - an amulet of regeneration
Wands
 i - a wand of flame (71)
 j - a wand of iceblast (9)
 D - a wand of acid (6)
 H - a wand of paralysis (12)
Scrolls
 f - 7 scrolls of teleportation
 g - 10 scrolls of enchant armour
 o - 3 scrolls of enchant weapon
 s - 3 scrolls of fear
 w - 3 scrolls of summoning
 x - 5 scrolls of magic mapping
 y - 5 scrolls of amnesia
 M - a scroll of fog
 S - a scroll of silence
 U - 2 scrolls of holy word
Potions
 d - 3 potions of might
 m - 6 potions of mutation
 p - a potion of resistance
 q - 2 potions of cancellation
 t - 2 potions of berserk rage
 z - 3 potions of ambrosia
 A - 6 potions of lignification
 I - 2 potions of invisibility
 L - a potion of brilliance
 Q - 2 potions of haste
 W - 4 potions of magic
Miscellaneous
 O - a lightning rod (3/4)
 Z - a box of beasts


   Skills:
 + Level 13.0 Fighting
 + Level 16.3 Long Blades
 - Level 2.4 Maces & Flails
 - Level 10.0 Throwing
 + Level 12.1 Armour
 - Level 10.0 Dodging
 + Level 12.2 Shields
 + Level 6.5 Spellcasting
 - Level 5.0 Summonings
 - Level 0.2 Necromancy
 + Level 7.1 Translocations
 - Level 10.2 Evocations


You had 17 spell levels left.
You knew the following spells:

 Your Spells              Type           Power      Damage    Failure   Level
a - Passage of Golubria   Tloc           43%        N/A       24%         4
b - Call Canine Familiar  Summ           33%        N/A       19%         3
c - Death Channel         Necr           4%         N/A       100%        6

Your spell library contained the following spells:

 Spells                   Type           Power      Damage    Failure   Level
 Summon Small Mammal      Summ           100%       N/A       6%          1
 Gell's Gravitas          Tloc           43%        N/A       8%          3
 Teleport Other           Tloc           43%        N/A       8%          3
 Animate Skeleton         Necr           18%        N/A       38%         1
 Pain                     Necr           36%        1d5       38%         1
 Sandblast                Erth           16%        2d6       43%         1
 Summon Guardian Golem    Hex/Summ       20%        N/A       45%         3
 Sublimation of Blood     Necr           9%         N/A       52%         2
 Corpse Rot               Necr/Air       16%        N/A       54%         2
 Ensorcelled Hibernation  Hex/Ice        16%        N/A       56%         2
 Passwall                 Tmut/Erth      6%         N/A       56%         2
 Static Discharge         Conj/Air       8%         N/A       56%         2
 Vampiric Draining        Necr           9%         2d6       77%         3
 Ozocubu's Armour         Ice            8%         N/A       80%         3
 Stone Arrow              Conj/Erth      16%        3d8       80%         3
 Swiftness                Air            8%         N/A       80%         3
 Tukima's Dance           Hex            8%         N/A       80%         3
 Dispersal                Tloc           21%        N/A       98%         6
 Dispel Undead            Necr           9%         3d8       99%         4
 Hailstorm                Conj/Ice       8%         3d4       99%         4
 Ice Form                 Ice/Tmut       8%         N/A       99%         4
 Leda's Liquefaction      Hex/Erth       4%         N/A       99%         4
 Petrify                  Tmut/Erth      8%         N/A       99%         4
 Sticky Flame             Conj/Fire      8%         2d3       99%         4
 Freezing Cloud           Conj/Ice/Air   4%         6-21      100%        5
 Irradiate                Conj/Tmut      4%         3d15      100%        5
 Lee's Rapid Deconstruct  Erth           4%         3d6*      100%        5
 Metabolic Englaciation   Hex/Ice        4%         N/A       100%        5
 Silence                  Hex/Air        4%         N/A       100%        5
 Yara's Violent Unravell  Hex/Tmut       4%         3d4       100%        5
 Simulacrum               Ice/Necr       4%         N/A       100%        6
 Statue Form              Tmut/Erth      5%         N/A       100%        6
 Lehudib's Crystal Spear  Conj/Erth      4%         10d3      100%        8
 Polar Vortex             Ice            4%         N/A       100%        9


Dungeon Overview and Level Annotations

Branches:
Dungeon (15/15)            Temple (0/1) D:6            Lair (6/6) D:9
  Swamp (4/4) Lair:2       Spider (2/4) Lair:2        Slime (0/5) Lair:5
    Orc (2/2) D:9             Elf (3/3) Orc:2        Vaults (2/5) D:13
 Depths (1/4) D:15          Sewer (visited)           IceCv (visited)
  Crypt: Vaults:2-3

Shops:
D:7 ?:(*   D:8 *   D:15 [   Orc:1 *   Orc:2 ([**

Annotations:
Lair:3 1 transporter
Swamp:3 exclusion: downstairs
Spider:1 2 transporters, Arachne; Qyadack's ghost, adept HOFi
Elf:1 Asterion
Elf:2 3 runed translucent doors, Asparus's ghost, adept DsCj


Innate Abilities, Weirdness & Mutations

You have an increased reservoir of magic. (+10% MP)
You shall have no god before yourself.
Your divine heritage dramatically boosts your attributes as you level up.
You are somewhat resistant to further mutation.
You are robust. (+10% HP)


Message History

The war gargoyle hits you with a +0 morningstar!!
* * * LOW HITPOINT WARNING * * *
You block the ironbound convoker's attack.
You feel better.
The runic seals fade away.
The vault warden seems to regain its courage.
You block the war gargoyle's attack.
The ironbound convoker starts to cry.
The ironbound convoker hits you with a +0 mace!
* * * LOW HITPOINT WARNING * * *
Unknown command.
You block the war gargoyle's attack.
The vault warden activates a sealing rune.
You block the war gargoyle's attack.
The ironbound convoker hits you with a +0 mace!
* * * LOW HITPOINT WARNING * * *
You climb upwards.
There is a stone staircase leading down, spattered with blood here.
You see here a +0 troll leather armour.
Unknown command.
Unknown command.
Okay, then.
Okay, then.
Press: ? - help, v - describe, . - travel, g - get item
Here: an ironbound convoker, wielding a +0 mace and wearing a +0 scale mail
Items here: )) [[ †.
The floor, spattered with blood.
Unknown command.
Really quaff the potion of lignification?
Okay, then.
Okay, then.
Search for what [Enter for "rele", or ? for help]? heal The war gargoyle launches metal splinters at you.
The spray of metal splinters misses you.
Items here: ( )) [.
Unknown command.
As you read the scroll of teleportation, it crumbles to dust.
You feel strangely unstable.
You block the ironbound convoker's attack.
The war gargoyle hits you with a +0 morningstar!!
You die...

#.........# #..# ########
#.........# #..# #.§§§..#
########### #..# #§.§§..# #..#
#§§§§..# #..# #§§.>..# #..#
#§§§§§.# #..#
#§§....############ #..#
#§§§...#.....[9@..# #..#
#.§§...'......>p..# #..#
#......#.....[[...# #..#
#......#...(......# #..#
########....[.....# #..#
#..........# #..#
###########[''##############..#
...........[........[.........#
.............)......[.........#


You could see a war gargoyle (strong, catching breath) and an ironbound
convoker.

Vanquished Creatures
  A tentacled monstrosity (Swamp:3)
  Rupert (D:15)
  A sphinx (Vaults:2)
  Kirke (Lair:4)
  A fenstrider witch (Swamp:3)
  Donald (Elf:1)
  An orc warlord (Vaults:2)
  2 vault wardens (Vaults:1)
  4 ironbound preservers
  2 stone giants
  A reaper (IceCv)
  4 broodmothers
  A very ugly thing (Vaults:1)
  2 ironbound thunderhulks
  5 eleionomae
  A bunyip (shapeshifter) (D:15)
  9 bunyips
  Azrael (Spider:1)
  2 entropy weavers
  A spark wasp (Spider:2)
  An ettin (D:14)
  A shambling mangrove (Swamp:3)
  A crystal guardian (Vaults:2)
  A yaktaur captain (Vaults:2)
  Josephine (Lair:2)
  3 fire dragons (Swamp:4)
  A peacekeeper (Vaults:2)
  4 vault guards
  A jorogumo (Spider:1)
  16 hydras
  An ogre mage (D:14)
  2 spriggan air magi
  A ghost crab (Swamp:4)
  10 alligators
  4 catoblepae
  5 boulder beetles
  9 centaur warriors
  4 ironbound frosthearts
  8 dancing weapons (Elf:1)
  13 two-headed ogres
  6 orc high priests
  16 death yaks
  The ghost of PhoneixS the Arsonist, a novice DrFE of Vehumet (D:9)
  2 spriggan berserkers (Swamp:2)
  Urug (D:11)
  4 deep elf knights
  2 fire crabs
  9 skeletal warriors
  2 pharaoh ants (Spider:1)
  8 goliath frogs
  4 spriggan druids
  10 swamp dragons
  18 deep trolls
  5 lindwurms
  6 orb spiders
  A glowing orange brain (D:14)
  7 bog bodies
  3 steelbarb worms
  9 deep elf archers
  Pikel (D:5)
  7 ironbound convokers
  11 orc knights
  5 wizards
  8 wolf spiders
  18 deep elf pyromancers
  15 deep elf zephyrmancers
  5 manticores
  A shining eye (shapeshifter) (D:13)
  19 ugly things
  2 orc sorcerers
  4 cyclopes
  3 will-o-the-wisps
  A moth of wrath (Spider:1)
  13 elephants
  2 black mambas
  A gargoyle (D:8)
  7 vault sentinels
  An ice statue (IceCv)
  A molten gargoyle (Swamp:4)
  Maggie (D:8)
  19 cane toads
  5 torpor snails
  4 rime drakes
  A komodo dragon (shapeshifter) (D:14)
  12 komodo dragons
  9 yaktaurs
  A tengu conjurer (D:13)
  2 demonic crawlers (Spider:1)
  2 ice devils (IceCv)
  3 entropy weaver simulacra (IceCv)
  12 tyrant leeches
  3 meliai (D:12)
  2 polar bears
  5 trolls
  A queen bee (shapeshifter) (D:14)
  14 hornets
  11 tarantellas
  17 blink frogs
  6 slime creatures
  9 dream sheep
  7 jumping spiders
  9 culicivoras
  A shadow (D:13)
  2 centaur simulacra
  15 spriggans
  5 water elementals
  3 wyverns
  7 wraiths
  2 vampires
  An air elemental (Elf:1)
  3 hogs (Lair:4)
  5 fire elementals
  66 yaks
  2 basilisks
  21 redbacks
  7 steam dragons
  8 vampire mosquitoes
  2 death yak simulacra
  6 wargs
  Menkaure (D:4)
  16 swamp worms
  5 acid dragons
  A harpy simulacrum (IceCv)
  A floating eye (shapeshifter) (D:14)
  15 water moccasins
  A hell hound (Lair:2)
  Pargi (Sewer)
  3 black bears
  7 swamp drakes
  35 orc warriors
  2 sky beasts
  10 ogres
  A necrophage (D:8)
  6 wolves
  A lemure (D:5)
  17 centaurs
  A phantom (D:2)
  12 bullfrogs
  4 scorpions
  7 two-headed ogre simulacra (IceCv)
  A wyvern zombie (D:7)
  3 gnoll sergeants
  2 cane toad simulacra (Lair:4)
  A water moccasin skeleton (D:4)
  4 elephant simulacra (IceCv)
  6 wights
  7 electric eels
  4 howler monkeys
  A lava snake (Swamp:4)
  7 centaur zombies
  A bullfrog zombie (D:3)
  2 gnoll shamans
  A hound (D:5)
  27 orc priests
  A centaur skeleton (D:5)
  5 iguanas
  13 orc wizards
  2 polar bear simulacra (IceCv)
  8 spriggan simulacra (IceCv)
  5 troll simulacra (IceCv)
  3 wolf simulacra (IceCv)
  A hound skeleton (D:4)
  24 gnolls
  A howler monkey skeleton (D:6)
  7 adders
  7 naga simulacra (IceCv)
  A shadow imp (D:7)
  2 white imps (IceCv)
  6 ufetubi (IceCv)
  4 dart slugs
  65 orcs
  10 ball pythons
  7 endoplasms
  4 giant cockroaches
  9 goblins
  11 hobgoblins
  8 jackals
  6 quokkas
  9 bats
  7 frilled lizards
  4 kobolds
  5 rats
1128 creatures vanquished.

Vanquished Creatures (collateral kills)
  A manticore (D:15)
1 creature vanquished.

Vanquished Creatures (others)
  An ironbound preserver (D:13)
  A war gargoyle (Vaults:2)
  A wizard (D:15)
  A tarantella (Spider:1)
  A water elemental (Elf:1)
  A human (Lair:4)
  A wraith (Lair:2)
  A steam dragon (Swamp:4)
  2 swamp drakes (Swamp:4)
  A lemure (D:5)
  An orc (D:15)
  2 briar patches (Lair:3)
  8 foxfires
  47 fungi
  46 plants
115 creatures vanquished.

Grand Total: 1244 creatures vanquished

Notes
Turn   | Place    | Note
-------+----------+-------------------------------------------
     0 | D:1      | Hasart the Demigod Fighter began the quest for the Orb.
     0 | D:1      | Reached XP level 1. HP: 18/18 MP: 3/3
    68 | D:1      | Reached skill level 2 in Long Blades
   122 | D:1      | Reached XP level 2. HP: 23/25 MP: 4/4
   812 | D:1      | Reached XP level 3. HP: 29/30 MP: 5/5
  1325 | D:1      | Reached skill level 1 in Dodging
  1676 | D:2      | Identified the +3 whip of Desertification {drain, rPois rC+
                  | rN+ Int+3}
  1887 | D:3      | Noticed a phantom
  1899 | D:3      | Reached XP level 4. HP: 38/38 MP: 6/6
  1923 | D:2      | Killed a phantom
  1924 | D:2      | Reached skill level 1 in Maces & Flails
  2158 | D:3      | Found a glowing drain.
  2173 | Sewer    | Entered a sewer
  2181 | Sewer    | Reached XP level 5. HP: 45/45 MP: 7/7
  2220 | Sewer    | Noticed Pargi
  2234 | Sewer    | Killed Pargi
  2397 | D:3      | Noticed an ogre
  2709 | D:3      | Reached XP level 6. HP: 39/51 MP: 8/8
  3342 | D:3      | Reached skill level 3 in Long Blades
  3597 | D:3      | Reached skill level 1 in Throwing
  3597 | D:3      | Reached XP level 7. HP: 53/58 MP: 9/9
  3989 | D:4      | Noticed Menkaure
  4112 | D:3      | Identified a scroll of acquirement
  4112 | D:3      | Acquired the ring "Omakkawk" {Wiz Str+7}
  4217 | D:4      | Killed Menkaure
  4298 | D:4      | Reached skill level 4 in Long Blades
  4701 | D:5      | Entered Level 5 of the Dungeon
  5004 | D:5      | Noticed Pikel
  5070 | D:5      | Killed Pikel
  5071 | D:5      | Reached XP level 8. HP: 62/67 MP: 10/10
  5119 | D:5      | Reached skill level 5 in Long Blades
  5553 | D:6      | Found a staircase to the Ecumenical Temple.
  6363 | D:6      | Reached skill level 5 in Armour
  6363 | D:6      | Reached skill level 5 in Shields
  6452 | D:5      | Reached skill level 5 in Fighting
  6747 | D:6      | Learned a level 4 spell: Passage of Golubria
  6833 | D:6      | Reached XP level 9. HP: 72/74 MP: 11/11
  7156 | D:7      | Found Etzeobaj's Weapon Shoppe.
  7156 | D:7      | Found Ukyass's Book Shop.
  7370 | D:7      | Noticed a boulder beetle
  7388 | D:7      | Killed a boulder beetle
  7389 | D:7      | Reached skill level 6 in Long Blades
  7610 | D:7      | Found Kikh's Magic Scroll Boutique.
  8074 | D:7      | Found Dyeder's Assorted Antiques.
  9103 | D:8      | Reached skill level 5 in Dodging
  9174 | D:8      | Found Rusodag's Overcharged Wands.
  9193 | D:8      | Reached skill level 7 in Long Blades
  9379 | D:8      | Noticed Maggie
  9396 | D:8      | Killed Maggie
  9761 | D:8      | Reached XP level 10. HP: 59/83 MP: 13/13
 10348 | D:9      | Identified the +11 giant spiked club of Abuse {vorpal,
                  | Str+7}
 10348 | D:9      | Identified the +9 great mace "Upsoceq" {flame, rPois rF-
                  | rN++ Int+3}
 10348 | D:9      | Noticed a two-headed ogre
 10348 | D:9      | Noticed PhoneixS's ghost (novice DrFE)
 10348 | D:9      | Noticed a two-headed ogre
 10348 | D:9      | Found a transporter.
 10348 | D:9      | Found a transporter.
 10352 | D:9      | Noticed a two-headed ogre
 10357 | D:9      | Noticed a two-headed ogre
 11095 | D:9      | Found a staircase to the Orcish Mines.
 11428 | D:9      | Reached skill level 5 in Throwing
 11442 | D:9      | Reached skill level 8 in Long Blades
 11549 | D:9      | Found a staircase to the Lair.
 11761 | D:9      | Noticed a two-headed ogre
 12035 | D:9      | Identified the +5 scale mail of the Grey Skies {-Cast rF+
                  | Int-5 Dex+9}
 12146 | D:9      | Killed a two-headed ogre
 12480 | Orc:1    | Entered Level 1 of the Orcish Mines
 12512 | D:9      | Reached skill level 1 in Evocations
 12515 | D:9      | Reached XP level 11. HP: 48/88 MP: 14/14
 12892 | Orc:1    | Found Pyesk's Assorted Antiques.
 12961 | Orc:2    | Entered Level 2 of the Orcish Mines
 13254 | Orc:2    | Found a staircase to the Elven Halls.
 13353 | D:7      | Bought the +7 captain's cutlass {speed, disarm} for 702
                  | gold pieces
 13353 | D:7      | Found the +7 captain's cutlass {speed, disarm}
 13576 | Orc:2    | Noticed an orc high priest
 13961 | D:10     | Entered Level 10 of the Dungeon
 14044 | D:10     | Noticed a two-headed ogre
 14064 | D:10     | Killed a two-headed ogre
 14133 | D:10     | Reached skill level 9 in Long Blades
 14455 | D:10     | Noticed a two-headed ogre
 14503 | D:10     | Killed a two-headed ogre
 15452 | Orc:2    | Noticed a soul eater
 15452 | Orc:2    | Noticed a sun demon
 15453 | Orc:2    | Killed an orc high priest
 15851 | Orc:2    | Noticed an orc knight
 15874 | Orc:1    | Killed an orc knight
 17010 | Orc:2    | Noticed an orc knight
 17088 | Orc:1    | Killed an orc knight
 17585 | Orc:2    | Noticed an orc knight
 18129 | Orc:1    | Killed an orc knight
 18315 | Orc:2    | Noticed an orc high priest
 18318 | Orc:2    | Noticed an orc high priest
 18321 | Orc:2    | Noticed a sixfirhy
 18323 | Orc:2    | Killed an orc high priest
 18328 | Orc:2    | Noticed a sun demon
 18328 | Orc:2    | Noticed an orc high priest
 18329 | Orc:2    | Killed an orc high priest
 18330 | Orc:2    | Reached XP level 12. HP: 81/100 MP: 15/15
 18344 | Orc:2    | Reached skill level 10 in Long Blades
 18994 | Orc:2    | Found Ysocos's General Store.
 18997 | Orc:2    | Found Gubil's Weapon Shoppe.
 18998 | Orc:2    | Found Wuvegil's Assorted Antiques.
 18999 | Orc:2    | Found Gulagoas's Antique Armour Emporium.
 19575 | Lair:1   | Entered Level 1 of the Lair of Beasts
 20867 | Lair:2   | Found a staircase to the Swamp.
 21050 | Lair:2   | Noticed a seven-headed hydra
 21305 | Lair:2   | Killed a seven-headed hydra
 21306 | Lair:2   | Reached skill level 11 in Long Blades
 21424 | Lair:2   | Found a hole to the Spider Nest.
 21432 | Lair:2   | Reached XP level 13. HP: 108/108 MP: 16/16
 21625 | Lair:2   | Reached skill level 5 in Evocations
 22321 | Lair:3   | Found a transporter.
 22359 | Lair:3   | Found a transporter.
 22847 | Lair:4   | Found a frozen archway.
 22868 | IceCv    | Entered an ice cave
 23618 | IceCv    | Noticed a reaper
 23891 | IceCv    | Killed a reaper
 24977 | Lair:4   | Noticed Kirke
 24998 | Lair:4   | Noticed a sphinx
 25000 | Lair:4   | Noticed a sphinx
 25002 | Lair:4   | Killed Kirke
 25453 | Lair:4   | Reached skill level 12 in Long Blades
 26161 | Lair:5   | Found a staircase to the Slime Pits.
 26292 | Lair:5   | Reached XP level 14. HP: 74/118 MP: 17/17
 27182 | Lair:6   | Entered Level 6 of the Lair of Beasts
 28501 | Lair:6   | Identified the +5 scimitar of Jytsom {vorpal, Int+6 Stlth+}
 28871 | D:11     | Reached skill level 13 in Long Blades
 29190 | D:11     | Noticed Urug
 29197 | D:11     | Killed Urug
 31210 | D:13     | Noticed an ironbound preserver
 31215 | D:13     | Reached skill level 10 in Fighting
 31233 | D:13     | Killed an ironbound preserver
 31234 | D:13     | Reached skill level 1 in Translocations
 31385 | D:13     | Gained mutation: You are frail. (-10% HP) [a shining eye]
 32114 | D:13     | Reached XP level 15. HP: 113/113 MP: 19/19
 32120 | D:13     | Gained mutation: You are very frail. (-20% HP) [a shining
                  | eye]
 32124 | D:13     | Lost mutation: You are very frail. (-20% HP) [potion of
                  | mutation]
 32124 | D:13     | Lost mutation: You are frail. (-10% HP) [potion of
                  | mutation]
 32124 | D:13     | Gained mutation: You are somewhat resistant to further
                  | mutation. [potion of mutation]
 32124 | D:13     | Gained mutation: You are robust. (+10% HP) [potion of
                  | mutation]
 32225 | D:13     | Reached skill level 1 in Spellcasting
 32308 | D:13     | Found a gate to the Vaults.
 32660 | D:14     | Reached skill level 10 in Shields
 33136 | D:14     | Reached skill level 10 in Armour
 33437 | D:15     | Entered Level 15 of the Dungeon
 34205 | D:15     | Found Laetycse's Antique Armour Shoppe.
 34271 | D:15     | Noticed Rupert
 34620 | D:9      | Killed PhoneixS's ghost
 34714 | Elf:1    | Entered Level 1 of the Elven Halls
 35132 | Swamp:1  | Entered Level 1 of the Swamp
 35375 | Swamp:1  | Identified the +9 shortbow "Ekyl" {speed, rPois rC+ Int+3}
 36466 | Swamp:1  | Reached skill level 10 in Dodging
 36844 | Swamp:2  | Reached skill level 14 in Long Blades
 38453 | Swamp:3  | Reached XP level 16. HP: 129/149 MP: 25/25
 38457 | Swamp:3  | Learned a level 3 spell: Call Canine Familiar
 39032 | Swamp:2  | Reached skill level 10 in Throwing
 39128 | Swamp:2  | Reached skill level 1 in Summonings
 39812 | Swamp:3  | Noticed a tentacled monstrosity
 39978 | Spider:1 | Entered Level 1 of the Spider Nest
 39978 | Spider:1 | Noticed Azrael
 40128 | Spider:1 | Noticed Josephine
 40133 | Spider:1 | Killed Azrael
 40453 | Lair:2   | Killed Josephine
 41037 | Elf:1    | Paralysed by an air elemental for 1 turns
 41041 | Elf:1    | Paralysed by an air elemental for 1 turns
 42156 | Elf:1    | Noticed Donald
 42166 | Elf:1    | Paralysed by an air elemental for 1 turns
 42219 | Elf:1    | Killed Donald
 42505 | Elf:2    | Noticed Asparus's ghost (adept DsCj)
 42505 | Elf:2    | Found a runed translucent gate.
 42505 | Elf:2    | Found a runed translucent gate.
 42505 | Elf:2    | Found a runed translucent gate.
 43297 | Elf:2    | Noticed Asterion
 43430 | Elf:3    | Entered Level 3 of the Elven Halls
 44256 | D:14     | Reached skill level 15 in Long Blades
 44256 | D:14     | Reached skill level 5 in Translocations
 44318 | D:14     | Learned a level 6 spell: Death Channel
 44357 | D:15     | Paralysed by a floating eye for 4 turns
 44455 | D:14     | Paralysed by a floating eye for 3 turns
 44927 | D:15     | Killed Rupert
 45330 | D:15     | Found a staircase to the Depths.
 45336 | Depths:1 | Entered Level 1 of the Depths
 45974 | Lair:3   | HP: 4/150 [briar patch collision (8)]
 47091 | Lair:2   | Reached XP level 17. HP: 148/158 MP: 28/28
 47336 | Lair:2   | Reached skill level 5 in Spellcasting
 47577 | D:7      | Bought 3 scrolls of acquirement for 2340 gold pieces
 47581 | D:7      | Acquired the +5 tower shield "Oliru" {rPois Regen+ Dex+2
                  | Slay+2}
 47594 | D:7      | Acquired 1008 gold pieces
 47595 | D:7      | Acquired a manual of Fighting
 47762 | D:15     | Bought a pair of warped gloves for 266 gold pieces
 47762 | D:15     | Identified the +2 pair of gloves "Yzux Yst" {Int+3 SInv
                  | Stlth+} (You bought it in a shop on level 15 of the
                  | Dungeon)
 47762 | D:15     | Bought a bloodstained chain mail for 266 gold pieces
 47762 | D:15     | Identified the +6 chain mail of Ru's Hope {rN+ Str+3} (You
                  | bought it in a shop on level 15 of the Dungeon)
 48109 | Spider:1 | You fall into a shaft and drop 1 floor!
 49025 | Spider:1 | Found a transporter.
 49037 | Spider:1 | Found a transporter.
 49040 | Spider:1 | Noticed Qyadack's ghost (adept HOFi)
 49927 | Spider:2 | Noticed Arachne
 50449 | Swamp:3  | Killed a tentacled monstrosity
 50630 | Swamp:3  | Identified the +1 robe "Mophamif" {Rampage rN+ Int-3 Dex+2}
 50674 | Swamp:3  | Identified the +6 mace of the Extremes {vorpal, Int+3}
 50708 | Swamp:4  | Entered Level 4 of the Swamp
 53306 | Swamp:4  | Got a decaying rune of Zot
 53541 | Vaults:1 | Entered Level 1 of the Vaults
 53611 | Vaults:1 | Found a flickering gateway to a bazaar.
 53728 | Bazaar   | Entered a bazaar
 53755 | Bazaar   | Found Puanothro's Assorted Antiques.
 53755 | Bazaar   | Found Qymyawoi's Armour Shoppe.
 53777 | Bazaar   | Found Vumeasir's Antique Armour Emporium.
 53777 | Bazaar   | Found Gigh's Antique Weapon Shoppe.
 53799 | Bazaar   | Found Qaxam's General Store.
 53868 | Bazaar   | Bought an ancient brass ring for 150 gold pieces
 53868 | Bazaar   | Identified the ring "Liwnip" {rC+ EV+4} (You bought it in a
                  | shop in a bazaar)
 53930 | Bazaar   | Bought a dazzling cloak for 256 gold pieces
 53930 | Bazaar   | Identified the +2 cloak "Kaweimm" {Contam Fly Int+2} (You
                  | bought it in a shop in a bazaar)
 53930 | Bazaar   | Bought a jet-encrusted chain mail for 256 gold pieces
 53930 | Bazaar   | Identified the +1 chain mail of Noomiow {Stlth+} (You
                  | bought it in a shop in a bazaar)
 54120 | Vaults:1 | Reached skill level 5 in Summonings
 54565 | Vaults:1 | Reached skill level 16 in Long Blades
 55564 | Vaults:1 | Reached XP level 18. HP: 170/170 MP: 31/31
 55569 | Vaults:1 | Reached skill level 10 in Evocations
 57323 | Vaults:1 | Demolished by a war gargoyle

Illustrated notes

Levels and vault maps discovered:
D:1:      dpeg_arrival_connections, layout_basic, chequers_decorated_corner
D:2:      layout_rooms, shapermc_ecumenical_altar_notcrosses
D:3:      layout_rooms, zin_treasury, nicolae_overflow_hallway_of_the_gods,
          portal_sewer_entry_b
D:4:      layout_basic, lemuel_doored_altar, corexii_hall_statues_i,
          hangedman_minor_gate_pass, uniq_menkaure
D:5:      layout_gridville, mainiacjoe_overflow_surrounded_room, uniq_pikel
D:6:      layout_basic, minmay_temple_entry_offerings
D:7:      layout_basic, serial_shops, nicolae_shop_hallway_stairs, shop,
          nicolae_lakefront_shop, shop, kennysheep_generic_room_15
D:8:      layout_loops_cross, kennysheep_mini, nicolae_shop_overcharged_wands,
          uniq_maggie
D:9:      layout_basic, lemuel_coloured_pillars_altar,
          okawaru_ov_weapons_minmay, erik_lair_orcish_takeover, david_orc_3,
          gammafunk_ghost_smash
D:10:     cheibrodos_two_vegetables, layout_long_grid
D:11:     layout_cave_pods, uniq_urug
D:12:     layout_roguey, minmay_misc_feat_alley
D:13:     layout_loops_corners, skrybe_vaults_entry_preservation
D:14:     layout_irregular_city, hangedman_decor_push
D:15:     hangedman_depths_entry_civil_slaughter, layout_rooms,
          serial_bayou_shore_b, serial_shops, nicolae_shop_statue_plus,
          xom_confusion_cloud, uniq_rupert
Lair:1:   layout_regular_city, grunt_megastairs_5
Lair:2:   layout_long_grid, minmay_swamp_entry_worms,
          nicolae_spider_entry_orb_guardian, grunt_forest_stairs_clearing,
          grunt_megastairs_1
Lair:3:   gammafunk_worm_tunnel, layout_gridlike
Lair:4:   layout_regular_city, portal_ice_cave_entry_ice_simulacra, uniq_kirke
Lair:5:   layout_regular_city, minmay_slime_entry_pillars, beast_lair_carwin_11
Lair:6:   evilmike_catoblepas_cave, layout_long_grid
Swamp:1:  layout_falls_marsh, basic_altar
Swamp:2:  layout_falls_marsh, evilmike_swamp_ruin_house_6, swamp_pool2,
          nicolae_swamp_spriggan_camp
Swamp:3:  cheibrodos_swamp_monstrosity, layout_basic_swamp,
          evilmike_swamp_ruin_house_5, swamp_pool3
Swamp:4:  swamp_fiery, layout_basic_swamp
Spider:1: layout_spider_delve, gammafunk_ghost_arena, uniq_josephine,
          uniq_azrael
Spider:2: layout_spider_delve, uniq_frances, uniq_arachne, uniq_jorgrun
Orc:1:    layout_diamond_mine, serial_shops, nicolae_square_shop, basic_altar
Orc:2:    st_orc_pillars, layout_diamond_mine
Elf:1:    minmay_elf_arrival_summoners, layout_geoelf_octagon,
          evilmike_minifort, uniq_donald
Elf:2:    nicolae_elf_blades_crystal_corner, layout_geoelf_octagon,
          gammafunk_ghost_split, minivault_27, uniq_asterion
Elf:3:    minmay_elf_hall_dome, layout_loops_cross, serial_shops,
          bzr_entry_islet, minmay_shop_grid_forest, door_vault
Vaults:1: v_alt_pattern_2, vaults_dpeg_diagonal, v_pattern_1,
          ontoclasm_vaults_bender, vaults_dpeg_encased_lava, v_misc_25,
          layout_vaults_omnigrid, serial_shops, bzr_in_the_mist
Vaults:2: ontoclasm_vaults_gateway, nicolae_vaults_hallways_thing,
          vaults_mumra_minichess_inversion, minmay_crypt_entry_vampire_xt,
          st_smaller_cells, nicolae_vaults_stairing_the_circle, v_alt_pattern_1,
          nicolae_vaults_little_squares_3, nicolae_vaults_big_ls,
          vaults_dpeg_ring, vaults_room_ringed_pool, ontoclasm_vaults_ligature,
          layout_vaults_ring
Depths:1: layout_cave_pools, hell_entry, ashenzari_altar_1

Skill      XL: |  1  2  3  4  5  6  7  8  9 10 11 12 13 14 15 16 17 18 |
---------------+-------------------------------------------------------+-----
Long Blades    | 2 3 4 5 7 8 9 11 12 13 14 15 16 | 16.3
Fighting       | 3 4 5 6 7 8 9 10 11 12 13 | 13.0
Armour         | 3 4 5 6 7 8 9 10 11 12 | 12.1
Dodging        | 1 2 3 4 5 6 7 8 9 10 | 10.0
Shields        | 3 4 5 6 7 8 9 10 11 12 | 12.2
Maces & Flails | 1 2 |  2.4
Throwing       | 1 2 3 4 5 6 7 8 9 10 | 10.0
Evocations     | 1 3 4 6 7 8 9 10 | 10.2
Translocations | 1 3 5 6 7 |  7.1
Spellcasting   | 3 4 6 |  6.5
Summonings     | 3 5 |  5.0
Necromancy     | |  0.2

Action                   |  1- 3 |  4- 6 |  7- 9 | 10-12 | 13-15 | 16-18 || total
-------------------------+-------+-------+-------+-------+-------+-------++-------
Melee: Long sword        |   133 |       |    65 |   258 |       |       ||   456
       Whip              |    20 |   116 |    18 |       |       |       ||   154
       Short sword       |       |    36 |   228 |       |       |       ||   264
       Cutlass           |       |       |       |   694 |  2448 |  1518 ||  4660
       Scimitar          |       |       |       |       |       |   674 ||   674
Throw: Javelin           |       |     2 |     7 |       |     1 |       ||    10
       Dart              |       |       |     8 |    47 |    39 |    79 ||   173
       Boomerang         |       |       |       |    12 |    45 |    50 ||   107
 Cast: Call Canine Famil |       |       |       |       |       |     1 ||     1
Evoke: Wand              |       |       |     3 |     7 |     7 |    25 ||    42
       Lightning rod     |       |       |       |       |       |     4 ||     4
       Box of beasts     |       |       |       |       |       |     1 ||     1
  Use: Scroll            |       |       |     2 |     9 |    24 |    33 ||    68
       Potion            |       |       |       |     1 |     3 |     6 ||    10
 Stab: Petrified         |       |       |       |       |     9 |       ||     9
       Petrifying        |       |       |       |       |     1 |       ||     1
       Invisible         |       |       |       |       |       |    12 ||    12
       Fleeing           |       |       |       |       |       |     1 ||     1
Armor: Scale mail        |    70 |       |       |   215 |   402 |       ||   687
       Chain mail        |    15 |    72 |   145 |    13 |     5 |       ||   250
       Plate armour      |       |       |       |    67 |       |       ||    67
       Swamp dragon scal |       |       |       |       |   118 |   454 ||   572
Dodge: Dodged            |   104 |    78 |   135 |   378 |   846 |   653 ||  2194
Block: Buckler           |    43 |    41 |    60 |   232 |    40 |       ||   416
       Kite shield       |       |       |       |       |  1151 |   453 ||  1604
       Tower shield      |       |       |       |       |       |  1555 ||  1555
       Reflection        |       |       |       |       |       |    33 ||    33
